 Dungeon Crawl Stone Soup version 0.26.1-11-gd32895ea62 (webtiles) character file.

Game seed: 10063761870840426461

79 dtburroughs the Skirmisher (level 4, -2/61 HPs)
             Began as a Minotaur Berserker on June 28, 2021.
             Was a Believer of Trog.
             Slain by Robin
             ... wielding a +0 dagger of protection
              (3 damage)
             ... on level 2 of the Dungeon.
             The game lasted 00:01:24 (1722 turns).

dtburroughs the Skirmisher (Minotaur Berserker)     Turns: 1722, Time: 00:01:25

Health: -2/61      AC:  2    Str: 21    XL:     4   Next: 16%
Magic:  3/3        EV: 13    Int:  5    God:    Trog [**....]
Gold:   50         SH:  0    Dex: 10    Spells: 3/3 levels left

rFire    . . .     SeeInvis .   a - +0 hand axe
rCold    . . .     Faith    .   (no shield)
rNeg     . . .     Spirit   .   b - +0 animal skin
rPois    .         Reflect  .   (helmet restricted)
rElec    .         Harm     .   (no cloak)
rCorr    .         Rampage  .   (no gloves)
Will     .....                  (no boots)
Stlth    ..........             (no amulet)
HPRegen  0.20/turn              (no ring)
MPRegen  0.08/turn              (no ring)

@: berserking, lethally poisoned (-2 -> -6), very quick
A: retaliatory headbutt, horns 2
a: Renounce Religion, Berserk, Trog's Hand


You were on level 2 of the Dungeon.
You worshipped Trog.
Trog was pleased with you.
You visited 1 branch of the dungeon, and saw 2 of its levels.

You collected 50 gold pieces.

Inventory:

Hand Weapons
 a - a +0 hand axe (weapon)
Armour
 b - a +0 animal skin (worn)
Scrolls
 c - a scroll of teleportation {unknown}
 d - a scroll of identify {unknown}
 e - a scroll of remove curse {unknown}
Potions
 f - 2 potions of mutation {unknown}


   Skills:
 + Level 4.3 Fighting
 + Level 4.3 Axes
 + Level 3.4 Armour
 + Level 3.1 Dodging


You had 3 spell levels left.
You didn't know any spells.
Your spell library was empty.

Dungeon Overview and Level Annotations

Branches:
Dungeon (2/15)

Altars:

Annotations:
D:2 Robin


Innate Abilities, Weirdness & Mutations

You reflexively headbutt those who attack you in melee.
You have a pair of horns on your head.


Message History

* * * LOW HITPOINT WARNING * * *
You feel sick.
A goblin comes into view.
You closely miss the goblin.
The goblin shouts!
You hit Robin.
* * * LOW HITPOINT WARNING * * *
You feel sick. Robin hits you but does no damage.
You slice the goblin!!
You kill the goblin!
Trog accepts your kill.
You hit Robin but do no damage. You slash the hobgoblin!
You kill the hobgoblin!
Trog accepts your kill.
You barely miss Robin.
* * * LOW HITPOINT WARNING * * *
You feel sick.
Robin hits you with a +0 dagger of protection.
You die...

#. ##.#
#...####
g.....#
..... .g?
#)# # #
#####@#.#
#.#...#g#.#
......))).#
#.......###
........# #
+######
#.......# #
#≈≈≈≈≈#
..#...#(#
### #≈....#
......#.#
..# #≈....#
#######.#
#.#


You could see Robin and 2 goblins.

Vanquished Creatures
  3 adders (D:2)
  3 dart slugs (D:1)
  A leopard gecko (D:2)
  A giant cockroach (D:1)
  12 goblins
  10 hobgoblins
  2 ball pythons
  A bat (D:1)
  A frilled lizard (D:1)
  5 kobolds
  4 rats
43 creatures vanquished.

Vanquished Creatures (others)
  13 plants
13 creatures vanquished.

Grand Total: 56 creatures vanquished

Notes
Turn   | Place    | Note
-------+----------+-------------------------------------------
     0 | D:1      | dtburroughs the Minotaur Berserker began the quest for the
                  | Orb.
     0 | D:1      | Reached XP level 1. HP: 19/19 MP: 0/0
   217 | D:1      | Reached XP level 2. HP: 26/27 MP: 1/1
  1313 | D:2      | Reached XP level 3. HP: 32/33 MP: 2/2
  1313 | D:2      | Reached ** piety under Trog
  1706 | D:2      | Noticed Robin
  1713 | D:2      | Reached XP level 4. HP: 4/40 MP: 3/3
  1717 | D:2      | HP: 3/61 [poisoned by a goblin]
  1722 | D:2      | HP: 1/61 [poisoned by a goblin]
  1722 | D:2      | Slain by Robin

Illustrated notes

Levels and vault maps discovered:
D:1:      wander_arrival_fairy_ring, layout_basic
D:2:      layout_loops_ring, serial_forest, infiniplex_forest_lined_corner,
          infiniplex_forest_3_way, infiniplex_forest_end_2,
          infiniplex_forest_end_double, infiniplex_forest_clump_C,
          infiniplex_forest_straight_2, infiniplex_forest_lined_corner,
          infiniplex_forest_zigzag_1, infiniplex_forest_clump_tiny,
          chequers_serial_rivers_room_a, minmay_surrounded, uniq_robin

Skill      XL: |  1  2  3 |
---------------+----------+-----
Fighting       | 4 |  4.3
Axes           | 4 |  4.3
Armour         | 3 |  3.4
Dodging        | 3 |  3.1

Action                   |  1- 3 |  4- 6 || total
-------------------------+-------+-------++-------
Melee: Hand axe          |    59 |     8 ||    67
       Headbutt          |     7 |       ||     7
Invok: Berserk           |       |     1 ||     1
Armor: Animal skin       |    12 |     1 ||    13
Dodge: Dodged            |    47 |     2 ||    49
